AoeStats
← Autopawn

Lombardia

508150410Analyzed
3v3 RM · 10d ago on Sep 21, 2026· 17m 56s· 6 players
Game mode
Random Map
Map size
Normal (6 player)
Population
200
Speed
Normal
Resources
Standard
Victory
Conquest
Starting age
Dark Age
Ending age
Imperial Age
RankedLock teamsTeams togetherTeam positionsShared explorationLock speedFull tech treeHidden civsTurbo modeCheats
Victory
Defeat
🇨🇱 Mapuche · Chile
1019
+15
🇨🇱 Byzantines · Chile
997
+16
🇨🇱 Saracens · Chile
983
+16
🇨🇦 Hindustanis · Canada
1012
-17
🇺🇸 Romans · United States
991
-16
🇮🇳 Inca · India
961
-14
Reaper20131
1:56 Loom
7:00 Loom
9:56 Feudal Age
17:09 Castle Age
MA
1:16 Loom
12:02 Feudal Age
13:18 Horse Collar
13:27 Double-Bit Axe
14:47 Gold Mining
20:15 Castle Age
iamlegolas312
0:27 Loom
11:05 Feudal Age
11:37 Double-Bit Axe
12:11 Town Watch
13:09 Gold Mining
Autopawn
4:48 Loom
10:50 Feudal Age
11:48 Double-Bit Axe
15:56 Forging
gabrieloresp
11:00 Feudal Age
12:17 Double-Bit Axe
13:11 Loom
15:52 Castle Age
17:32 Stone Mining
18:20 Bow Saw
alfredoruninm
9:15 Loom
11:01 Feudal Age
15:40 Castle Age
16:13 Double-Bit Axe
Connection lost

Rejoining the realm…

Still unreachable

The connection could not be restored.

Session expired

The server has moved on; the page needs a fresh start.